 Dungeon Crawl Stone Soup version 0.29-a0-380-gf50f0a9fbc (webtiles) character file.

Game seed: 7254895266487619754

267 Antichthon the Covered (level 6, -2/38 HPs)
             Began as a Gargoyle Fighter on May 6, 2022.
             Slain by a wight
             ... wielding a +0 mace
              (7 damage)
             ... on level 4 of the Dungeon.
             The game lasted 00:03:57 (3106 turns).

Antichthon the Covered (Gargoyle Fighter)           Turns: 3106, Time: 00:03:58

Health: -2/38      AC: 11    Str: 20    XL:     6   Next: 21%
Magic:  7/7        EV:  9    Int: 10    God:
Gold:   171        SH:  4    Dex:  9    Spells: 5/5 levels left

rFire   . . .      SeeInvis .   a - +0 morningstar
rCold   . . .      Faith    .   c - +0 buckler
rNeg    + . .      Spirit   .   b - +0 scale mail
rPois   ∞          Reflect  .   (no helmet)
rElec   +          Harm     .   (no cloak)
rCorr   .          Rampage  .   (no gloves)
Will    .....                   (no boots)
Stlth   ..........              l - amulet of the acrobat
HPRegen 0.12/turn               (no ring)
MPRegen 0.10/turn               (no ring)

@: on berserk cooldown, slowed, very slow
A: sickness immunity, AC +4, negative energy resistance 1, electricity
resistance, torment resistance 1, petrification resistance
a: no special abilities


You were on level 4 of the Dungeon.
You visited 1 branch of the dungeon, and saw 4 of its levels.

You collected 171 gold pieces.

Inventory:

Hand Weapons
 a - a +0 morningstar (weapon)
Armour
 b - a +0 scale mail (worn)
 c - a +0 buckler (worn)
Jewellery
 l - an amulet of the acrobat (around neck)
Wands
 h - a wand of digging (7)
Scrolls
 f - 2 scrolls of teleportation
Potions
 d - a potion of might
 e - a potion of invisibility
 i - 2 potions of curing {unknown}


   Skills:
 * Level 4.0 Fighting
 * Level 3.9 Maces & Flails
 * Level 4.4 Armour
 * Level 1.2 Dodging
 * Level 4.1 Shields
 * Level 1.5 Invocations


You had 5 spell levels left.
You didn't know any spells.
Your spell library was empty.

Dungeon Overview and Level Annotations

Branches:
Dungeon (4/15)
 Temple: D:4-7

Altars:


Innate Abilities, Weirdness & Mutations

You are immune to sickness and miasma.
Your stone body is resilient. (AC +4)
You are immune to poison.
You resist negative energy. (rN+)
You are resistant to electric shocks. (rElec)
You are resistant to unholy torment.
You are immune to petrification.


Message History

A wight comes into view. It is wielding a +0 dagger.
A wight is nearby!
A wight comes into view. It is wielding a +0 mace.
The wight moves out of view.
Things that are here:
a +0 morningstar; a +0 robe You sock the wight!
The wight is moderately damaged.
The wight completely misses you. The wight barely misses you.
The wight hits you with a +0 dagger.
You hit the wight.
The wight is heavily damaged.
The wight closely misses you. The wight hits you with a +0 mace.
You closely miss the wight.
The wight is heavily damaged.
You block the wight's attack. The wight hits you with a +0 mace!
The wight hits you but does no damage. The wight hits you with a +0 mace!
You barely miss the wight.
The wight is heavily damaged.
The wight hits you but does no damage. The wight hits you with a +0 mace!
* * * LOW HITPOINT WARNING * * *
Unknown command.
The wight attacks as you move away! The wight barely misses you.
The wight attacks as you move away! The wight hits you with a +0 mace.
* * * LOW HITPOINT WARNING * * *
Unknown command.
Okay, then.
Okay, then.
A red film seems to cover your vision as you go berserk!
You feel yourself moving faster!
You feel mighty!
You feel a strong urge to attack something.
The wight misses you.
A wight comes into view. It is wielding a +5 flail.
You feel your anger nearly subside.
You are no longer berserk.
You are exhausted.
You feel yourself slow down.
Unknown command.
You closely miss the wight. The wight barely misses you.
The wight hits you with a +0 mace!
You die...

#.....# #.. #...#####...# ..#
#.....# #.. #...#...#...# ..#
#.....# #.###.#.....#.###.# ..
#....<#####...###...###.†.###...#
#.....##.........###>....)...#
#####.................###........
#.................#####......
#.............z...............
#............@z...............
#...............>...####......
#.<..................# ......
#..........#.........# ......
#................z.....
....#####........ ... .......##
... ......#


You could see 3 wights.

Vanquished Creatures
  A scorpion (D:3)
  A wight (D:4)
  A jelly (D:4)
  Jessica (D:2)
  3 adders
  A worm (D:2)
  3 dart slugs
  An orc (D:3)
  5 ball pythons
  2 bats
  7 endoplasms
  3 giant cockroaches
  6 goblins
  8 hobgoblins
  9 jackals (D:1)
  A quokka (D:1)
  3 frilled lizards
  4 kobolds
  6 rats
66 creatures vanquished.

Notes
Turn   | Place    | Note
-------+----------+-------------------------------------------
     0 | D:1      | Antichthon the Gargoyle Fighter began the quest for the
                  | Orb.
     0 | D:1      | Reached XP level 1. HP: 14/14 MP: 1/1
   105 | D:1      | Reached XP level 2. HP: 16/19 MP: 2/2
   504 | D:1      | Reached XP level 3. HP: 13/23 MP: 3/3
  1401 | D:2      | Noticed Jessica
  1430 | D:2      | Killed Jessica
  1431 | D:2      | Reached XP level 4. HP: 14/29 MP: 4/4
  1631 | D:2      | Found the +7 staff of the Meek {protect, meekguard}
  2257 | D:3      | Noticed a scorpion
  2264 | D:3      | Killed a scorpion
  2265 | D:3      | Reached skill level 1 in Dodging
  2265 | D:3      | Reached skill level 1 in Invocations
  2265 | D:3      | Reached XP level 5. HP: 26/33 MP: 5/5
  3077 | D:4      | Reached XP level 6. HP: 36/38 MP: 7/7
  3106 | D:4      | Slain by a wight

Illustrated notes

Levels and vault maps discovered:
D:1:      dpeg_arrival_boxes_within_box, layout_loops_cross,
          dreamdust_wishing_well, serial_bayou_pond_e
D:2:      layout_loops_ring, uniq_jessica
D:3:      layout_loops_ring, minmay_misc_feat_nine_boxes, eino_curves_01
D:4:      nicolae_cairo_tiling, layout_rooms

Skill      XL: |  1  2  3  4  5 |
---------------+----------------+-----
Maces & Flails | 3 |  3.9
Armour         | 4 |  4.4
Dodging        | 1 |  1.2
Shields        | 4 |  4.1
Invocations    | 1 |  1.5
Fighting       | 4 |  4.0

Action                   |  1- 3 |  4- 6 || total
-------------------------+-------+-------++-------
Melee: Flail             |   133 |    39 ||   172
       Morningstar       |       |    60 ||    60
  Use: Scroll            |     2 |     3 ||     5
       Potion            |       |     1 ||     1
Armor: Scale mail        |    80 |    49 ||   129
Dodge: Dodged            |    75 |    50 ||   125
Block: Buckler           |    30 |    16 ||    46

Table legend: (Time is in decaauts)
 A = Elapsed time spent in this place.
 B = Non-inter-level travel time spent in this place.
 C = Inter-level travel time spent in this place.
 D = Time resting spent in this place.
 E = Time spent auto-exploring this place.
 F = Levels seen in this place.
 G = Mean time per level.
                   A        B        C        D        E       F      G
               +--------+--------+--------+--------+--------+-----+--------+
         Total |   3187 |   3119 |     68 |      0 |   2452 |   4 |  796.8 |
       Dungeon |   3187 |   3119 |     68 |      0 |   2452 |   4 |  796.8 |
               +--------+--------+--------+--------+--------+-----+--------+

Top non-repeatable levels by time:
     D:1: 1319 daAuts
     D:2: 944 daAuts
     D:3: 849 daAuts
     D:4: 73 daAuts
